 Dungeon Crawl Stone Soup version 0.16-a0-1686-g94d8484 (webtiles) character file.

134 oak1780 the Skirmisher (level 5, -1/47 HPs)
             Began as a Hill Orc Fighter on Oct 27, 2014.
             Killed by nerve-wracking pain
             ... invoked by Grinder
              (10 damage)
             ... on level 3 of the Dungeon.
             The game lasted 00:26:45 (3255 turns).

oak1780 the Skirmisher (Hill Orc Fighter)           Turns: 3255, Time: 00:26:45

Health: -1/47      AC:  7    Str: 24    XL:     5   Next: 17%
Magic:  5/5        EV:  7    Int:  9    God:
Gold:   95         SH: 10    Dex: 10    Spells: 0 memorised, 4 levels left

rFire  . . .     SeeInvis .     a - +1 flail
rCold  . . .     Clarity  .     b - +0 scale mail
rNeg   . . .     SustAb   .     c - +0 shield
rPois  .         Gourm    .     (no helmet)
rElec  .         Spirit   .     (no cloak)
rCorr  .         Warding  .     (no gloves)
rMut   .         Stasis   .     (no boots)
MR     .....                    (no amulet)
Stlth  ..........               (no ring)
                                (no ring)

@: mighty, not resistant to hostile enchantments, extremely unstealthy
A: no striking features
a: no special abilities


You were on level 3 of the Dungeon.
You were not hungry.

You visited 1 branch of the dungeon, and saw 3 of its levels.

You collected 95 gold pieces.

Inventory:

Hand weapons
 a - a +1 flail (weapon)
 d - a +0 club
 e - a +0 flail
 f - a +0 club
 g - a +0 short sword
 h - a +0 club
 i - a +0 dagger
 m - a +0 spear
 o - a +0 dagger
 q - a +0 club
 r - a +0 club
 t - a +0 mace
 u - a +0 whip
 y - a +0 mace
 z - a +0 whip
 A - a +0 short sword
 C - a +0 club
 H - a +0 club
 I - a +0 dagger
 O - a +0 hunting sling
 P - a +0 dagger
 R - a +0 dagger
Missiles
 j - 8 arrows
 k - 16 stones (quivered)
 l - 8 steel javelins
 x - 7 curare-tipped needles
 F - 4 needles of confusion
 M - 21 sling bullets
Armour
 b - a +0 scale mail (worn)
 c - a +0 shield (worn)
 n - a +0 scale mail
 p - a +0 robe
 B - a +0 scale mail
 D - a +0 robe
 J - a +0 scale mail
 K - a +0 chain mail
 N - a cursed +0 cloak
Scrolls
 E - a scroll of identify
Potions
 s - a potion of haste {unknown}
 v - 2 potions of lignification
 G - 2 potions of brilliance
Comestibles
 w - 2 fruits
 L - a meat ration
 Q - a bread ration


   Skills:
 + Level 4.4 Fighting
 + Level 2.6 Maces & Flails
 + Level 4.1 Armour
 + Level 1.6 Dodging
 + Level 0.1 Stealth
 + Level 4.1 Shields


You had 4 spell levels left.
You didn't know any spells.

Dungeon Overview and Level Annotations

Branches:
Dungeon (3/15)

Altars:
Yredelemnul

Annotations:
D:3 Grinder


Message History

You thump the orc!
You kill the orc!
Things that are here:
a flail; a chain mail
e - a flail;
K - a chain mail
k - 15 stones (gained 1)
There is an open door here.
k - 16 stones (gained 1)
Things that are here:
a dagger; a kobold corpse
R - a dagger Grinder comes into view.
Grinder gestures.
Grinder blinks!
Grinder gestures at you. Pain shoots through your body!
* * * LOW HITPOINT WARNING * * *
Grinder gestures at you. Pain shoots through your body!
You die...

####..#.<.....#
..............#
....?..........#
PP.P.......%..#
P♣♣P..#####'##
♣... #.#
.P♣...####%#
PPPPP........#####
. PP..#......@.$#
♣...#.........#
♣♣..#....5....#
.#..........#
...####......# ...
....?....
...#....##.
....#....#
....#....#


You could see Grinder.

Vanquished Creatures
  Terence (D:2)
  4 adders
  A worm (D:2)
  An orc (D:3)
  A ball python (D:1)
  3 giant cockroaches
  7 hobgoblins
  10 bats
  4 giant newts
  7 goblins
  10 kobolds
  5 rats (D:1)
54 creatures vanquished.

Vanquished Creatures (others)
  Natasha (D:3)
1 creature vanquished.

Grand Total: 55 creatures vanquished

Notes
Turn   | Place    | Note
--------------------------------------------------------------
     0 | D:1      | oak1780, the Hill Orc Fighter, began the quest for the Orb.
     0 | D:1      | Reached XP level 1. HP: 19/19 MP: 1/1
     6 | D:1      | Noticed a fire drake
     6 | D:1      | Noticed a polar bear
     6 | D:1      | Noticed a water moccasin
     7 | D:1      | Noticed a hound
   199 | D:1      | Reached skill level 4 in Fighting
   199 | D:1      | Reached XP level 2. HP: 22/27 MP: 2/2
   632 | D:1      | Reached XP level 3. HP: 30/33 MP: 3/3
  1836 | D:2      | Noticed Terence
  1853 | D:2      | Killed Terence
  1853 | D:2      | Reached skill level 1 in Dodging
  2423 | D:2      | Reached XP level 4. HP: 40/40 MP: 4/4
  2467 | D:2      | Found a basalt altar of Yredelemnul.
  3173 | D:3      | Noticed Natasha
  3184 | D:3      | Killed Natasha
  3184 | D:3      | Reached XP level 5. HP: 22/47 MP: 5/5
  3251 | D:3      | Noticed Grinder
  3255 | D:3      | Killed from afar by Grinder

Action                   |  1- 3 |  4- 6 || total
-------------------------+-------+-------++-------
Melee: Flail             |   135 |    99 ||   234
Throw: Stone             |       |     5 ||     5
  Use: Scroll            |     4 |     2 ||     6
       Potion            |       |     1 ||     1
  Eat: Meat ration       |     1 |     1 ||     2
       Fruit             |     1 |       ||     1
